 Dungeon Crawl Stone Soup version bcrawl-1.21.3-16-g7f46a08de7 (webtiles) character file.

Game seed: 16474724037323632834

8337 Anathary the Eclecticist (level 11, -12/61 HPs)
             Began as a Fairy Conjurer on Apr 30, 2020.
             Was a Priest of Vehumet.
             Engulfed by an ice statue's freezing vapour (22 damage)
             ... in an ice cave.
             The game lasted 01:02:25 (9382 turns).

Anathary the Eclecticist (Fairy Conjurer)           Turns: 9382, Time: 01:02:26

Health: -12/61     AC: 14    Str:  6    XL:     11   Next: 29%
Magic:  40/50      EV: 18    Int: 21    God:    Vehumet [***...]
Gold:   704        SH: 11    Dex: 14    Spells: 30/40 levels left

rFire    . . .     SeeInvis .   (weapon restricted)
rCold    . . .     Gourm    .   (shield restricted)
rNeg     . . .     Faith    .   (armour unavailable)
rPois    .         Spirit   .   (no helmet)
rElec    .         Reflect  +   w - +1 cloak
rCorr    .         Harm     .   p - +2 pair of gloves
MR       +....                  m - +2 pair of boots
Stlth    +.........             t - +5 amulet of reflection
HPRegen  0.20/turn              l - ring of magical power
MPRegen  0.32/turn              j - ring of magical power

@: flying evasively
A: small, magic attunement, unstealthy, unfitting armour, able to fly, AC/SH +6
a: Stop Flying, Renounce Religion


You were in an ice cave.
You worshipped Vehumet.
Vehumet was most pleased with you.
You were full.

You visited 3 branches of the dungeon, and saw 10 of its levels.
You also visited: Ice Cave.

You collected 704 gold pieces.

Inventory:

Hand Weapons
 i - a +1 hand axe of venom
 s - a +5 rapier of speed
Missiles
 y - a throwing net (quivered) {!f}
Armour
 m - a +2 pair of boots (worn)
 p - a +2 pair of gloves (worn)
 w - a +1 cloak (worn)
Jewellery
 a - an uncursed ring of protection from cold
 d - an uncursed ring of protection from fire
 j - a ring of magical power (right hand)
 l - a ring of magical power (left hand)
 t - a +5 amulet of reflection (around neck)
 B - a cursed -3 ring of protection {unknown}
 C - an uncursed ring of positive energy
Wands
 u - a wand of polymorph (10)
 A - a wand of disintegration (10)
 E - a wand of digging (16)
 I - a wand of acid (7)
Scrolls
 f - 3 scrolls of amnesia
 g - a scroll of remove curse
 x - 2 scrolls of immolation
 D - a scroll of magic mapping
 F - 4 scrolls of teleportation
 H - 4 scrolls of identify
Potions
 b - a potion of magic
 c - 3 potions of mutation
 h - 3 potions of experience
 k - a potion of haste
 n - a potion of berserk rage {unknown}
 o - 3 potions of might {unknown}
 q - 7 potions of curing {unknown}
 r - a potion of heal wounds {unknown}
 v - 2 potions of brilliance {unknown}
 z - 2 potions of cancellation {unknown}
 G - a potion of ambrosia {unknown}
Comestibles
 e - 12 rations {!d}


   Skills:
 + Level 4.7 Dodging
 - Level 1.5 Stealth
 + Level 15.3 Spellcasting
 - Level 10.4 Conjurations
 * Level 6.8 Hexes


You had 30 spell levels left.
You knew the following spells:

 Your Spells              Type           Power        Failure   Level  Hunger
a - Magic Dart            Conj           ####         1%          1    None
b - Iskenderun's Mystic   Conj           ######..     1%          3    None
c - Searing Ray           Conj           ######..     1%          2    None
d - Fulminant Prism       Conj/Hex       ######....   1%          4    None

Your spell library contained the following spells:

 Spells                   Type           Power        Failure   Level  Hunger
 Stone Arrow              Conj/Erth      #####.       1%          3    None
 Flame Tongue             Conj/Fire      #####        1%          1    None
 Sandblast                Erth           ###...       1%          1    None
 Slow                     Hex            #####...     1%          1    None
 Conjure Flame            Conj/Fire      #####...     1%          3    None
 Inner Flame              Hex/Fire       N/A          1%          3    None
 Sticky Flame             Conj/Fire      #####...     1%          4    None
 Apportation              Tloc           ###...       3%          1    None
 Infusion                 Chrm           ###.....     3%          1    None
 Summon Butterflies       Summ           ###.....     3%          1    None
 Fireball                 Conj/Fire      #####.....   3%          5    None
 Irradiate                Conj/Tmut      #####.....   3%          5    None
 Flaming Arrows           Chrm/Fire      ###.....     5%          2    None


Dungeon Overview and Level Annotations

Branches:
Dungeon (8/12)             Temple (1/1) D:4            Lair (1/6) D:8
    Orc: D:8-11

Altars:
Ashenzari
Elyvilon
Hepliaklqana
Makhleb
Nemelex Xobeh
Okawaru
Qazlal
Ru
Sif Muna
Trog
Uskayaw
Vehumet
Yredelemnul
Zin
The Shining One

Shops:
D:5 !   D:8 *

Annotations:
D:6 1 runed door IceCv exclusion: ice statue


Innate Abilities, Weirdness & Mutations

Your spells do not cause hunger and MP costs are reduced by 1.
Your bright wings attract enemies. (Stealth-)
You cannot fit into any form of body armour.
Your shimmering scales are hard and can block incoming attacks. (AC +6, SH +6)
You are small and have problems with some larger weapons.
You can fly continuously.


Message History

Aim: an ice statue (severely damaged)
The orb of energy hits the ice statue!
The ice statue is severely damaged.
The orb of energy explodes!
The mystic blast hits the ice beast!!
The ice beast is severely wounded.
You are engulfed in freezing vapours.
* * * LOW HITPOINT WARNING * * *
You block the ice beast's attack.
Casting: Iskenderun's Mystic Blast (safe; 1% risk of failure)
Confirm with . or Enter, or press ? or * to list all spells.
Aiming: Iskenderun's Mystic Blast (safe; 1% risk of failure)
Press: ? - help, Shift-Dir - straight line, f/p - ice statue
Aim: an ice statue (severely damaged)
The orb of energy hits the ice statue!!
You destroy the ice statue!
Vehumet accepts your kill.
You feel your power returning.
The ice beast disappears in a puff of smoke!
The orb of energy explodes!
You are engulfed in freezing vapours.
You die...

#### ##.#.### ####
##......8 #### ##..##
#.......####..#####....#
#........##....##.......
#....○..○...#.......∩.∩.
##....○☼°..###..........
#....○.°### ##..##....#
#....○@## ######..##
#.....§.# #### ##.....##
##....# ##..## ... ...#
##..


You could see an ice statue.

Vanquished Creatures
  A hydra (Lair:1)
  Maurice (D:8)
  An ice statue (IceCv)
  A centaur skeleton (D:8)
  Prince Ribbit (D:8)
  A slime creature (D:5)
  A yak (D:8)
  Eustachio (D:4)
  A basilisk (Lair:1)
  Menkaure (D:6)
  A soldier ant (D:6)
  4 crocodiles
  2 water moccasins
  4 porcupines (D:8)
  2 orc warriors
  A black bear (D:8)
  10 ice beasts
  4 ogres
  2 sky beasts (D:8)
  5 centaurs
  A phantom (D:7)
  3 bullfrogs
  A gnoll sergeant (D:3)
  3 scorpions
  6 killer bees
  7 howler monkeys
  5 electric eels (D:8)
  4 crimson imps
  2 hounds
  A jelly (D:6)
  3 orc priests
  6 orc wizards
  Crazy Yiuf (D:3)
  Ijyb (D:4)
  Natasha (thrice) (D:3)
  15 worker ants
  A hound zombie (D:5)
  A howler monkey skeleton (D:5)
  10 adders
  2 shadow imps
  8 white imps (IceCv)
  3 ufetubi (IceCv)
  2 oozes
  An adder skeleton (D:8)
  5 worms
  3 dart slugs
  8 leopard geckos
  30 orcs
  8 giant cockroaches
  5 goblins
  7 hobgoblins
  14 jackals
  8 kobolds
  3 quokkas
  2 ball pythons
  3 bats (D:1)
  2 frilled lizards (D:1)
  10 rats
  A butterfly (D:6)
244 creatures vanquished.

Vanquished Creatures (others)
  A white imp (IceCv)
  3 ufetubi (IceCv)
  6 fulminant prisms
  20 fungi (D:8)
  7 plants (D:8)
37 creatures vanquished.

Grand Total: 281 creatures vanquished

Notes
Turn   | Place    | Note
-------+----------+-------------------------------------------
     0 | D:1      | Anathary the Fairy Conjurer began the quest for the Orb.
     0 | D:1      | Reached XP level 1. HP: 11/11 MP: 6/6
   107 | D:1      | Reached skill level 5 in Conjurations
   113 | D:1      | Reached XP level 2. HP: 17/17 MP: 7/7
   510 | D:1      | Reached XP level 3. HP: 21/21 MP: 9/9
   534 | D:1      | Learned a level 3 spell: Iskenderun's Mystic Blast
   571 | D:1      | Reached skill level 3 in Spellcasting
  1102 | D:2      | Reached XP level 4. HP: 27/27 MP: 10/10
  1528 | D:2      | Learned a level 2 spell: Searing Ray
  1891 | D:3      | Found a burning altar of Makhleb.
  1911 | D:3      | Found a runed door.
  1948 | D:3      | Noticed a gnoll sergeant
  1952 | D:3      | Killed a gnoll sergeant
  1952 | D:3      | Reached XP level 5. HP: 31/31 MP: 3/12
  2083 | D:3      | Reached skill level 4 in Spellcasting
  2131 | D:3      | Noticed Natasha
  2139 | D:3      | Killed Natasha
  2304 | D:3      | Reached XP level 6. HP: 36/36 MP: 5/15
  2563 | D:3      | Reached skill level 5 in Spellcasting
  2917 | D:3      | Noticed Natasha
  2920 | D:3      | Killed Natasha
  3390 | D:3      | Noticed Natasha
  3394 | D:3      | Killed Natasha
  3424 | D:3      | Noticed Crazy Yiuf
  3428 | D:3      | Killed Crazy Yiuf
  3524 | D:4      | Noticed Eustachio
  3528 | D:4      | Killed Eustachio
  3528 | D:4      | Reached skill level 6 in Spellcasting
  3528 | D:4      | Reached XP level 7. HP: 35/41 MP: 10/18
  3773 | D:4      | Found a staircase to the Ecumenical Temple.
  3782 | Temple   | Entered the Ecumenical Temple
  3812 | Temple   | Became a worshipper of Vehumet
  3875 | D:4      | Noticed Ijyb
  3879 | D:4      | Killed Ijyb
  4296 | D:4      | Noticed a moth of wrath
  4309 | D:4      | Found a bloodstained altar of Trog.
  4380 | D:5      | Entered Level 5 of the Dungeon
  4416 | D:5      | Reached skill level 7 in Spellcasting
  4416 | D:5      | Reached XP level 8. HP: 27/46 MP: 17/20
  4571 | D:5      | Found Acrounih's Distillery.
  4633 | D:5      | Found a shimmering blue altar of Sif Muna.
  4664 | D:5      | Found a shattered altar of Ashenzari.
  5131 | D:5      | Noticed a slime creature
  5137 | D:5      | Killed a slime creature
  5137 | D:5      | Reached skill level 8 in Spellcasting
  5638 | D:6      | Reached skill level 10 in Conjurations
  5672 | D:6      | Learned a level 4 spell: Fulminant Prism
  5755 | D:6      | Found a sparkling altar of Nemelex Xobeh.
  5782 | D:6      | Reached skill level 9 in Spellcasting
  5875 | D:6      | Found a runed door.
  5890 | D:6      | Found a runed door.
  5950 | D:6      | Reached skill level 1 in Hexes
  6192 | D:6      | Noticed Menkaure
  6194 | D:6      | Killed Menkaure
  6194 | D:6      | Reached XP level 9. HP: 51/51 MP: 24/24
  6529 | D:6      | Reached * piety under Vehumet
  6529 | D:6      | Offered knowledge of Sting by Vehumet.
  6547 | D:6      | Reached skill level 10 in Spellcasting
  6909 | D:7      | Reached skill level 11 in Spellcasting
  6962 | D:7      | Found an iron altar of Okawaru.
  7039 | D:7      | Found a glowing silver altar of Zin.
  7044 | D:7      | Found a white marble altar of Elyvilon.
  7048 | D:7      | Found a burning altar of Makhleb.
  7656 | D:8      | Noticed Prince Ribbit
  7659 | D:8      | Offered knowledge of Freeze by Vehumet.
  7668 | D:8      | Killed Prince Ribbit
  7668 | D:8      | Reached ** piety under Vehumet
  7668 | D:8      | Reached skill level 12 in Spellcasting
  7668 | D:8      | Reached XP level 10. HP: 56/56 MP: 28/28
  7784 | D:8      | Reached skill level 5 in Hexes
  7863 | D:8      | Reached skill level 13 in Spellcasting
  7887 | D:8      | Found a staircase to the Lair.
  8154 | D:8      | Offered knowledge of Dazzling Spray by Vehumet.
  8268 | D:8      | Noticed Maurice
  8273 | D:8      | Killed Maurice
  8277 | D:8      | Reached skill level 14 in Spellcasting
  8277 | D:8      | Reached *** piety under Vehumet
  8461 | D:8      | Found Jifos's Assorted Antiques.
  8956 | D:8      | Found a hazy altar of Hepliaklqana.
  9082 | Lair:1   | Entered Level 1 of the Lair of Beasts
  9099 | Lair:1   | Noticed a four-headed hydra
  9104 | Lair:1   | Killed a four-headed hydra
  9104 | Lair:1   | Reached XP level 11. HP: 61/61 MP: 31/31
  9154 | Lair:1   | Reached skill level 15 in Spellcasting
  9166 | Lair:1   | Offered knowledge of Stone Arrow by Vehumet.
  9237 | Lair:1   | Found a frozen archway.
  9247 | IceCv    | Entered an ice cave
  9382 | IceCv    | Engulfed by an ice statue's freezing vapour

Skill      XL: |  1  2  3  4  5  6  7  8  9 10 11 |
---------------+----------------------------------+-----
Conjurations   | 5 6 7 8 9 10 | 10.4
Spellcasting   | 3 4 6 7 9 12 14 15 | 15.3
Dodging        | 3 4 |  4.7
Hexes          | 1 4 6 |  6.8
Stealth        | |  1.5

Action                   |  1- 3 |  4- 6 |  7- 9 | 10-12 || total
-------------------------+-------+-------+-------+-------++-------
Melee: Unarmed           |     2 |       |       |       ||     2
       Hand axe          |       |     2 |       |       ||     2
       Rapier            |       |       |     1 |     2 ||     3
 Cast: Magic Dart        |    50 |    87 |    59 |       ||   196
       Iskenderun's Myst |     8 |    36 |   125 |   141 ||   310
       Searing Ray       |       |     1 |       |       ||     1
       Fulminant Prism   |       |       |     6 |       ||     6
  Use: Scroll            |     2 |     1 |    11 |     5 ||    19
  Eat: Chunk             |       |     2 |     1 |       ||     3
       Ration            |       |     2 |     3 |     3 ||     8
Armor: Skin              |     3 |     7 |     6 |     4 ||    20
Dodge: Dodged            |    15 |    23 |    19 |     9 ||    66
Block: Other             |     2 |     7 |    10 |    10 ||    29
       Reflection        |       |       |       |     2 ||     2
